[ AOE2 MATCH · #490885595 ]
UnrankedVikings vs Muisca
Player's team · WIN
Rival team · LOSS
[ REPLAY ANALYSIS · EXTRACTED FROM THE RECORDED GAME ]
Feudal
8:52
Castle
18:38
Imperial
—
| APM avg | 75.2 |
| APM peak | 104 |
| eAPM avg | 34.5 |
| Villagers / military | 58 / 66 |
Focus
⚔️ 51.8% · 🌾 48.2%
Archer ×52 · Knight ×8 · Militia ×4 · Monk ×1 · Scout Cavalry ×1
Feudal
8:51
Castle
20:53
Imperial
—
| APM avg | 54.9 |
| APM peak | 101 |
| eAPM avg | 22.2 |
| Villagers / military | 66 / 13 |
Focus
⚔️ 42.4% · 🌾 57.6%
Unknown (2550) ×35 · Archer ×8 · Skirmisher ×5
Match map
Initial resources + every placement click. Lines = walls · curves = elevation contours. ◆ gold · ⬟ stone · ● berries · ✦ relic · ◌ wall gap
Your base· Open — unwalled flank
Still in Love's base· Open — 5t gap
Smoothed initial terrain · ◌ = detected wall gap · hover for details
Inputs per minute
— TAG_Sitaux - - Still in Love
Build order — TAG_Sitaux
First 150 of 229 actions detected
| 0:00 | Create | Villager (Male) |
| 0:01 | Create | Villager (Male) |
| 0:01 | Build | House |
| 0:02 | Build | House |
| 0:07 | Create | Villager (Male) |
| 0:07 | Create | Villager (Male) |
| 1:24 | Create | Villager (Male) |
| 1:24 | Create | Villager (Male) |
| 1:55 | Build | Lumber Camp |
| 1:56 | Create | Villager (Male) |
| 2:17 | Create | Villager (Male) |
| 2:17 | Create | Villager (Male) |
| 2:43 | Create | Villager (Male) |
| 3:12 | Create | Villager (Male) |
| 3:12 | Create | Villager (Male) |
| 3:28 | Build | House |
| 3:38 | Create | Villager (Male) |
| 3:57 | Build | Mill |
| 4:08 | Create | Villager (Male) |
| 4:09 | Create | Villager (Male) |
| 4:51 | Create | Villager (Male) |
| 5:13 | Create | Villager (Male) |
| 5:43 | Create | Villager (Male) |
| 6:08 | Build | Barracks |
| 6:14 | Research | Loom |
| 6:14 | Research | Loom |
| 6:42 | Research | Feudal Age |
| 6:43 | Research | Feudal Age |
| 6:58 | Build | Palisade Wall |
| 7:10 | Create | Militia |
| 7:10 | Create | Militia |
| 7:16 | Build | House |
| 7:36 | Create | Militia |
| 7:36 | Create | Militia |
| 8:08 | Build | Palisade Wall |
| 8:14 | Create | Villager (Male) |
| 8:17 | Build | Palisade Wall |
| 8:18 | Build | Palisade Wall |
| 8:33 | Build | Palisade Wall |
| 8:52 | Age | Feudal Age |
| 8:58 | Build | Archery Range |
| 9:04 | Create | Villager (Male) |
| 9:18 | Research | Double-Bit Axe |
| 9:18 | Research | Double-Bit Axe |
| 9:24 | Create | Villager (Male) |
| 9:28 | Build | House |
| 9:29 | Build | House |
| 9:51 | Create | Villager (Male) |
| 9:53 | Create | Archer |
| 10:08 | Create | Villager (Male) |
| 10:23 | Build | Mining Camp |
| 10:29 | Create | Villager (Male) |
| 10:38 | Build | House |
| 10:42 | Build | Palisade Wall |
| 10:43 | Build | Palisade Wall |
| 10:55 | Create | Villager (Male) |
| 10:57 | Build | Palisade Wall |
| 10:59 | Build | Mill |
| 11:21 | Create | Villager (Male) |
| 11:24 | Create | Archer |
| 11:24 | Create | Archer |
| 11:27 | Build | Farm |
| 11:29 | Build | Farm |
| 11:44 | Build | Farm |
| 11:47 | Create | Villager (Male) |
| 11:54 | Build | Palisade Wall |
| 12:03 | Create | Villager (Male) |
| 12:10 | Build | House |
| 12:11 | Build | House |
| 12:12 | Create | Archer |
| 12:12 | Create | Archer |
| 12:20 | Build | Farm |
| 12:37 | Create | Villager (Male) |
| 12:39 | Build | Farm |
| 12:40 | Build | Farm |
| 12:45 | Create | Archer |
| 12:49 | Create | Villager (Male) |
| 13:06 | Build | House |
| 13:17 | Build | Watch Tower |
| 13:22 | Create | Villager (Male) |
| 14:07 | Create | Villager (Male) |
| 14:25 | Build | Blacksmith |
| 14:32 | Build | Farm |
| 14:34 | Build | Farm |
| 14:39 | Create | Villager (Male) |
| 14:54 | Build | Archery Range |
| 15:06 | Create | Villager (Male) |
| 15:27 | Create | Archer |
| 15:31 | Create | Villager (Male) |
| 15:35 | Build | Farm |
| 15:58 | Research | Castle Age |
| 16:00 | Create | Archer |
| 16:02 | Create | Archer |
| 16:02 | Create | Archer |
| 16:21 | Create | Archer |
| 16:36 | Research | Horse Collar |
| 16:36 | Research | Horse Collar |
| 16:37 | Create | Archer |
| 16:41 | Build | Stone Wall |
| 16:46 | Create | Archer |
| 17:00 | Create | Archer |
| 17:01 | Create | Archer |
| 17:10 | Build | Lumber Camp |
| 17:31 | Research | Fletching |
| 17:31 | Research | Fletching |
| 17:33 | Create | Archer |
| 17:45 | Build | Farm |
| 17:48 | Create | Archer |
| 17:52 | Build | House |
| 18:10 | Create | Archer |
| 18:15 | Research | Gold Mining |
| 18:22 | Create | Villager (Male) |
| 18:38 | Age | Castle Age |
| 18:40 | Research | Crossbowman (upgrade) |
| 18:40 | Research | Crossbowman (upgrade) |
| 18:46 | Research | Bodkin Arrow |
| 18:46 | Research | Bodkin Arrow |
| 18:48 | Create | Villager (Male) |
| 18:50 | Build | University |
| 19:05 | Build | House |
| 19:19 | Create | Villager (Male) |
| 19:19 | Create | Archer |
| 19:20 | Create | Archer |
| 19:23 | Build | House |
| 19:43 | Create | Archer |
| 20:11 | Research | Padded Archer Armor |
| 20:13 | Create | Archer |
| 20:17 | Create | Villager (Male) |
| 20:20 | Create | Archer |
| 20:22 | Create | Archer |
| 20:26 | Create | Archer |
| 20:42 | Create | Villager (Male) |
| 20:50 | Research | Ballistics |
| 20:50 | Research | Ballistics |
| 20:57 | Create | Archer |
| 21:02 | Create | Villager (Male) |
| 21:21 | Create | Villager (Male) |
| 21:24 | Build | House |
| 21:24 | Build | House |
| 21:25 | Build | House |
| 21:28 | Create | Archer |
| 21:36 | Create | Archer |
| 21:36 | Create | Archer |
| 21:37 | Create | Archer |
| 21:47 | Create | Villager (Male) |
| 21:55 | Create | Archer |
| 22:14 | Build | Palisade Gate |
| 22:16 | Build | House |
| 22:34 | Create | Archer |
| 22:36 | Create | Villager (Male) |
Build order — Still in Love
First 150 of 189 actions detected
| 0:00 | Create | Villager (Male) ×4 |
| 0:01 | Create | Villager (Male) ×4 |
| 0:02 | Build | House |
| 0:03 | Build | House |
| 1:29 | Create | Villager (Male) |
| 1:40 | Build | Settlement |
| 2:02 | Create | Villager (Male) |
| 2:18 | Create | Villager (Male) |
| 2:50 | Create | Villager (Male) |
| 2:50 | Create | Villager (Male) |
| 3:10 | Create | Villager (Male) |
| 3:35 | Create | Villager (Male) |
| 3:46 | Create | Villager (Male) |
| 3:46 | Create | Villager (Male) |
| 4:26 | Build | Settlement |
| 4:28 | Create | Villager (Male) |
| 4:28 | Create | Villager (Male) |
| 4:49 | Create | Villager (Male) |
| 5:02 | Create | Villager (Male) |
| 5:03 | Create | Villager (Male) |
| 5:03 | Create | Villager (Male) |
| 5:15 | Create | Villager (Male) |
| 5:29 | Research | Loom |
| 6:29 | Build | Barracks |
| 6:36 | Research | Feudal Age |
| 7:24 | Create | Unit 2550 |
| 7:25 | Create | Unit 2550 |
| 7:29 | Build | Settlement |
| 7:33 | Build | Palisade Wall |
| 7:34 | Build | Palisade Wall |
| 8:12 | Create | Villager (Male) |
| 8:15 | Build | Palisade Wall |
| 8:38 | Create | Villager (Male) |
| 8:51 | Age | Feudal Age |
| 9:00 | Research | Tech 1402 |
| 9:00 | Research | Tech 1402 |
| 9:07 | Build | Archery Range |
| 9:12 | Create | Villager (Male) |
| 9:20 | Build | House |
| 9:21 | Build | House |
| 9:24 | Build | House |
| 9:26 | Build | Palisade Wall |
| 9:27 | Build | Palisade Wall |
| 9:34 | Research | Double-Bit Axe |
| 10:12 | Create | Villager (Male) |
| 10:13 | Create | Villager (Male) |
| 10:19 | Build | Palisade Wall |
| 10:29 | Create | Archer |
| 10:33 | Create | Villager (Male) |
| 10:33 | Create | Villager (Male) |
| 10:35 | Build | Farm |
| 10:39 | Build | Farm |
| 10:45 | Create | Archer |
| 10:50 | Create | Villager (Male) |
| 11:05 | Build | Farm |
| 11:19 | Create | Villager (Male) |
| 11:25 | Build | Farm |
| 11:32 | Create | Archer |
| 11:36 | Build | Farm |
| 11:41 | Build | Farm |
| 11:53 | Create | Villager (Male) |
| 11:58 | Build | Farm |
| 11:58 | Create | Villager (Male) |
| 12:10 | Create | Archer |
| 12:20 | Create | Villager (Male) |
| 12:24 | Create | Unit 2550 |
| 12:28 | Build | Farm |
| 12:31 | Build | Farm |
| 12:47 | Create | Archer |
| 12:48 | Create | Villager (Male) |
| 13:06 | Create | Unit 2550 |
| 13:06 | Create | Unit 2550 |
| 13:11 | Build | Settlement |
| 13:19 | Create | Archer |
| 13:33 | Create | Villager (Male) |
| 13:41 | Create | Villager (Male) |
| 13:48 | Create | Villager (Male) |
| 14:10 | Create | Archer |
| 14:15 | Build | Blacksmith |
| 14:25 | Create | Archer |
| 14:25 | Create | Villager (Male) |
| 14:28 | Build | Farm |
| 14:43 | Create | Villager (Male) |
| 14:45 | Build | Farm |
| 15:03 | Create | Skirmisher |
| 15:03 | Create | Skirmisher |
| 15:08 | Create | Skirmisher |
| 15:11 | Research | Fletching |
| 15:11 | Research | Fletching |
| 15:12 | Create | Villager (Male) |
| 15:39 | Research | Town Watch |
| 15:43 | Build | Settlement |
| 15:46 | Build | House |
| 16:03 | Create | Skirmisher |
| 16:04 | Create | Skirmisher |
| 16:15 | Build | House |
| 16:30 | Create | Villager (Male) |
| 16:55 | Build | Market |
| 16:57 | Create | Villager (Male) |
| 17:25 | Create | Villager (Male) |
| 18:06 | Build | Settlement |
| 18:13 | Research | Castle Age |
| 18:27 | Create | Unit 2550 |
| 18:27 | Create | Unit 2550 |
| 18:31 | Build | Barracks |
| 18:34 | Build | Palisade Wall |
| 18:47 | Research | Scale Mail Armor |
| 18:57 | Build | Watch Tower |
| 19:14 | Create | Unit 2550 |
| 19:28 | Research | Forging |
| 19:28 | Research | Forging |
| 19:32 | Build | House |
| 19:33 | Build | House |
| 19:34 | Build | House |
| 19:58 | Create | Villager (Male) |
| 20:13 | Create | Unit 2550 |
| 20:31 | Create | Unit 2550 |
| 20:31 | Create | Unit 2550 |
| 20:51 | Create | Unit 2550 |
| 20:52 | Build | Barracks |
| 20:53 | Age | Castle Age |
| 21:17 | Research | Tech 1351 |
| 21:32 | Research | Chain Mail Armor |
| 21:33 | Research | Chain Mail Armor |
| 21:43 | Build | Farm |
| 21:43 | Build | Farm |
| 21:52 | Create | Villager (Male) |
| 22:03 | Create | Unit 2550 |
| 22:04 | Create | Unit 2550 |
| 22:28 | Research | Squires |
| 22:29 | Create | Villager (Male) |
| 22:32 | Build | Farm |
| 22:32 | Build | Farm |
| 22:41 | Create | Unit 2550 |
| 22:45 | Build | Farm |
| 22:47 | Build | Farm |
| 22:48 | Build | Farm |
| 22:48 | Build | Farm |
| 23:01 | Create | Unit 2550 |
| 23:01 | Create | Unit 2550 |
| 23:01 | Create | Unit 2550 |
| 23:04 | Create | Villager (Male) |
| 23:05 | Create | Villager (Male) |
| 23:16 | Create | Unit 2550 |
| 23:26 | Create | Villager (Male) |
| 23:31 | Build | House |
| 23:37 | Create | Unit 2550 |
| 23:37 | Create | Unit 2550 |
| 23:51 | Create | Villager (Male) |
| 23:59 | Create | Unit 2550 |
Match timeline
| 6:08 | TAG_Sitaux · first_building Barracks |
| 6:29 | Still in Love · first_building Barracks |
| 6:58 | TAG_Sitaux · wall_segment Palisade Wall x7 |
| 7:33 | Still in Love · wall_segment Palisade Wall x1 |
| 7:34 | Still in Love · wall_segment Palisade Wall x1 |
| 8:08 | TAG_Sitaux · wall_segment Palisade Wall x11 |
| 8:15 | Still in Love · wall_segment Palisade Wall x1 |
| 8:17 | TAG_Sitaux · wall_segment Palisade Wall x5 |
| 8:18 | TAG_Sitaux · wall_segment Palisade Wall x2 |
| 8:33 | TAG_Sitaux · wall_segment Palisade Wall x5 |
| 8:51 | Still in Love · age_up feudal |
| 8:52 | TAG_Sitaux · age_up feudal |
| 8:58 | TAG_Sitaux · first_building Archery Range |
| 9:07 | Still in Love · first_building Archery Range |
| 9:26 | Still in Love · wall_segment Palisade Wall x1 |
| 9:27 | Still in Love · wall_segment Palisade Wall x1 |
| 10:19 | Still in Love · wall_segment Palisade Wall x1 |
| 10:42 | TAG_Sitaux · wall_segment Palisade Wall x1 |
| 10:43 | TAG_Sitaux · wall_segment Palisade Wall x1 |
| 10:57 | TAG_Sitaux · wall_segment Palisade Wall x1 |
| 11:54 | TAG_Sitaux · wall_segment Palisade Wall x1 |
| 16:41 | TAG_Sitaux · wall_segment Stone Wall x11 |
| 18:09 | Still in Love · first_market_buy 100 food |
| 18:34 | Still in Love · wall_segment Palisade Wall x1 |
| 18:38 | TAG_Sitaux · age_up castle |
| 20:53 | Still in Love · age_up castle |
| 21:21 | Still in Love · first_market_sell 100 wood |
| 23:05 | TAG_Sitaux · first_building Stable |
| 23:42 | TAG_Sitaux · wall_segment Palisade Wall x6 |
| 25:26 | Still in Love · wall_segment Palisade Wall x1 |
| 25:56 | TAG_Sitaux · first_building Monastery |
| 26:10 | Still in Love · wall_segment Palisade Wall x1 |
| 26:11 | Still in Love · wall_segment Palisade Wall x1 |
| 28:08 | Still in Love · resign |
[ AI ANALYSIS · 1 CREDIT ]
What really happened in this match?
Wolo.gg analyzes every decision: build order, eco, micro, common mistakes by bracket. Personalized analysis on WhatsApp or Discord in 30 seconds.
Civ guide
Vikings
Perfil
Jugador #212721